Bears vs Whale

Created - Saturday, March 07, 2015 at 00:37

Goals
1 2 3 T
Bears 0 1 2 3
Whale 0 1 0 1
Shots
1 2 3 T
Bears 9 7 15 31
Whale 5 13 8 26

1st period

No Goal

Penalties :
James Livingston (CON) for Fighting (Major) at 3:24, Harry Young (Her) for Fighting (Major) at 3:24, James Livingston (CON) for instigated a fight (Minor) at 3:24, James Livingston (CON) for instigated a fight (10 Minutes Misconduct) at 3:24, Dainius Zubrus (Her) for Tripping (Minor) at 9:11, Mark Cundari (Her) for Cross-checking (Minor) at 14:10

2nd period

1. Whale , Chris Terry 24 (Denis Grebeshkov, Colin Fraser) at 3:28 (PP)
2. Bears , Mark Cundari 1 (Stefan Elliott, Dainius Zubrus) at 12:35 (PP)

Penalties :
Nick Tarnasky (CON) for Fighting (Major) at 1:05, Justin Florek (Her) for Fighting (Major) at 1:05, Joel Armia (Her) for Hooking (Minor) at 2:59, Nick Tarnasky (CON) for Hooking (Minor) at 8:36, Mike Hedden (CON) for Roughing (Minor) at 12:30

3rd period

3. Bears , Peter Regin 2 (Dainius Zubrus) at 0:10
4. Bears , Peter Regin 3 (Dainius Zubrus, Mark Cundari) at 19:38 (Empty Net)

Penalties :
Nick Tarnasky (CON) for Fighting (Major) at 6:12, Harry Young (Her) for Fighting (Major) at 6:12

Goalie Stats

Ilya Bryzgalov (Her), 25 saves from 26 shots - (0.962), W, 19-2-5, 60:00 minutes
Igor Bobkov (CON), 28 saves from 30 shots - (0.933), L, 8-1-1, 59:23 minutes

Players Stats for Bears

Player Name              G  A  P  +/- PIM S  H  SB GA TA FO     MP     PP MP  PK MP  
------------------------------------------------------------------------------------
Ben Youds                0  0  0   0  0   0  0  2  0  0  0/0    18:31   1:53   0:58 
Brandon Burlon           0  0  0   0  0   0  0  1  1  3  0/0    20:43   1:53   0:58 
Dainius Zubrus           0  3  3   2  2   9  1  0  11 1  3/4    21:53   1:40   1:23 
David Dziurzynski        0  0  0   0  0   1  1  2  3  1  0/0     9:10   0:00   0:00 
Harry Young              0  0  0   0  10  0  0  3  0  1  0/0    14:21   0:00   1:47 
Joel Armia               0  0  0   0  2   1  2  1  2  0  0/1    16:41   2:03   0:00 
Justin Florek            0  0  0   0  5   2  0  0  3  1  1/2    14:26   2:03   0:00 
Kevin Henderson          0  0  0   0  0   0  0  0  0  0  0/0     0:15   0:00   0:08 
Mark Cundari             1  1  2   2  2   1  1  4  1  1  0/0    23:30   2:10   1:42 
Maxime Macenauer         0  0  0   0  0   1  0  0  1  0  2/4    12:16   0:00   1:31 
Patrice Cormier          0  0  0   0  0   3  1  0  4  1  5/8    15:12   0:00   0:00 
Peter Regin              2  0  2   2  0   6  1  1  4  0  7/12   15:45   2:00   1:03 
Rickard Rakell           0  0  0   0  0   1  0  0  2  0  3/9    19:10   2:03   1:46 
RJ Umberger              0  0  0   2  0   1  2  0  0  1  0/1    18:22   2:00   3:03 
Stefan Elliott           0  1  1   2  0   1  1  1  0  0  0/0    25:55   2:10   3:29 
Stefan Matteau           0  0  0   0  0   3  3  0  2  1  0/2    17:52   0:20   0:00 
Tyler Shattock           0  0  0   0  0   1  1  0  0  0  0/1    14:43   0:00   0:00 
Zachery Davies           0  0  0   0  0   0  1  0  1  0  0/0    16:42   0:00   0:00 

Players Stats for Whale

Player Name              G  A  P  +/- PIM S  H  SB GA TA FO     MP     PP MP  PK MP  
------------------------------------------------------------------------------------
Brandon Manning          0  0  0   0  0   1  0  0  0  3  0/0    14:11   0:00   0:00 
Brennan Evans            0  0  0   0  0   0  0  0  0  0  0/0     4:26   0:00   0:00 
Chris Terry              1  0  1  -1  0   3  3  2  3  1  1/5    22:44   2:09   1:49 
Colin Fraser             0  1  1  -1  0   1  2  0  1  0  5/13   19:35   2:31   2:53 
Dallas Jackson           0  0  0  -1  0   3  1  1  0  2  0/0    21:28   2:02   2:34 
Denis Grebeshkov         0  1  1  -1  0   3  1  0  1  1  0/0    19:55   2:25   1:29 
Denny Urban              0  0  0   0  0   0  1  0  0  2  0/0    14:11   0:00   0:00 
Derek Nesbitt            0  0  0   0  0   2  2  0  3  1  0/1    15:06   0:25   0:00 
Hal Gill                 0  0  0  -1  0   1  1  1  0  1  0/0    24:21   2:25   1:29 
James Livingston         0  0  0  -1  17  0  1  0  0  0  1/1    13:31   0:00   0:00 
John McCarthy            0  0  0  -1  0   2  0  0  5  0  6/7    19:23   1:56   0:46 
Jon Sim                  0  0  0  -1  0   1  0  0  0  0  0/1    16:45   2:31   0:00 
Kelly Zajac              0  0  0   0  0   0  1  0  0  0  1/1     7:21   0:00   0:00 
Mike Hedden              0  0  0  -1  2   5  4  0  1  1  2/2    19:53   1:56   0:46 
Mike Moore               0  0  0  -1  0   0  1  1  0  2  0/0    21:28   2:02   2:34 
Nick Tarnasky            0  0  0   0  12  1  2  0  4  1  0/0    13:19   1:10   0:00 
Shane Prince             0  0  0   0  0   0  1  0  0  1  7/13   15:18   0:00   1:35 
Tye McGinn               0  0  0   0  0   3  0  0  1  0  0/0    12:57   0:43   0:17 

3 Stars

1 - Peter Regin (Her)
2 - Mark Cundari (Her)
3 - Ilya Bryzgalov (Her)

Power Play

Bears - 1 on 3 Attempt(s) - 33.33%
Whale - 1 on 3 Attempt(s) - 33.33%

Penalty Kill

Bears - 2 on 3 Attempt(s) - 66.67% - Score 0 goal in Penalty Kill
Whale - 2 on 3 Attempt(s) - 66.67% - Score 0 goal in Penalty Kill

Team Stat

Bears - Hits : 15 - Faceoff Wins : 21 - Blocked Shots : 15 - Penalty Minutes : 21
Whale - Hits : 21 - Faceoff Wins : 23 - Blocked Shots : 5 - Penalty Minutes : 31

Official

Referees : Unknown
Linesman : Unknown

Game Notes

Harry Young beats up James Livingston at 3:24 of 1st period
Nick Tarnasky and Justin Florek fight to a draw at 1:05 of 2nd period
Nick Tarnasky beats up Harry Young at 6:12 of 3rd period
Peter Regin has scored in a empty net!

Finance

Level 1 -- Attendance: 1355 (67.75%) -- Ticket Income $47,425
Level 2 -- Attendance: 769 (76.90%) -- Ticket Income $11,535
Total Attendance: 2124 (70.80%)
Total Ticket Income: $58,960
Other Income: $28,890
Total Income: $87,850

Bears

5 vs 5 Forward 
   Center                   Left Wing                Right Wing               Time % Phy DF OF 
 1 Peter Regin              Dainius Zubrus           RJ Umberger              35     1   2  2  
 2 Rickard Rakell           Justin Florek            Joel Armia               30     1   2  2  
 3 Patrice Cormier          Stefan Matteau           Tyler Shattock           22     1   2  2  
 4 Maxime Macenauer         David Dziurzynski        Dainius Zubrus           13     1   2  2  

5 vs 5 Defense 
   Defense                  Defense                                           Time % Phy DF OF 
 1 Stefan Elliott           Mark Cundari                                      35     1   2  2  
 2 Brandon Burlon           Ben Youds                                         30     1   2  2  
 3 Zachery Davies           Harry Young                                       22     1   2  2  
 4 Stefan Elliott           Mark Cundari                                      13     1   2  2  

PowerPlay Forward 
   Center                   Left Wing                Right Wing               Time % Phy DF OF 
 1 Peter Regin              Dainius Zubrus           RJ Umberger              60     1   2  2  
 2 Rickard Rakell           Justin Florek            Joel Armia               40     1   2  2  

PowerPlay Defense
   Defense                  Defense                                           Time % Phy DF OF 
 1 Stefan Elliott           Mark Cundari                                      60     1   2  2  
 2 Brandon Burlon           Ben Youds                                         40     1   2  2  

Penalty Kill 4 Players Forward 
   Center                   Wing                     Time % Phy DF OF 
 1 Dainius Zubrus           RJ Umberger              60     1   2  2  
 2 Peter Regin              Rickard Rakell           40     1   2  2  

Penalty Kill 4 Players Defense
   Defense                  Defense                  Time % Phy DF OF 
 1 Stefan Elliott           Mark Cundari             60     1   2  2  
 2 Brandon Burlon           Ben Youds                40     1   2  2  

Penalty Kill - 3 Players Forward 
   Forward                                           Time % Phy DF OF 
 1 Dainius Zubrus                                    60     1   2  2  
 2 RJ Umberger                                       40     1   2  2  

Penalty Kill - 3 Players Defense
   Defense                  Defense                  Time % Phy DF OF 
 1 Stefan Elliott           Mark Cundari             60     1   2  2  
 2 Brandon Burlon           Ben Youds                40     1   2  2  

4 vs 4 Forward 
   Center                   Wing                     Time % Phy DF OF 
 1 Dainius Zubrus           RJ Umberger              60     1   2  2  
 2 Peter Regin              Rickard Rakell           40     1   2  2  

4 vs 4 Defense
   Defense                  Defense                  Time % Phy DF OF 
 1 Stefan Elliott           Mark Cundari             60     1   2  2  
 2 Brandon Burlon           Ben Youds                40     1   2  2  

Last Minutes Offensive
   Center                   Left Wing                Right Wing               Defense                  Defense                  
   Peter Regin              Dainius Zubrus           RJ Umberger              Stefan Elliott           Mark Cundari             

Last Minutes Defensive
   Center                   Left Wing                Right Wing               Defense                  Defense                  
   Peter Regin              Dainius Zubrus           RJ Umberger              Stefan Elliott           Mark Cundari             

Goaltenders
Starting : Ilya Bryzgalov           
Backup : John Gibson              

Extra Forwards
Normal : Stefan Matteau, Patrice Cormier, Maxime Macenauer - PP : Stefan Matteau, Patrice Cormier - PK : Maxime Macenauer
Extra Defensemen
Normal : Zachery Davies, Harry Young, Brandon Burlon - PP : Zachery Davies - PK : Harry Young, Brandon Burlon
Penalty Shots
Dainius Zubrus, RJ Umberger, Peter Regin, Rickard Rakell, Justin Florek

Whale

5 vs 5 Forward 
   Center                   Left Wing                Right Wing               Time % Phy DF OF 
 1 Colin Fraser             Chris Terry              Jon Sim                  35     1   2  2  
 2 John McCarthy            Mike Hedden              James Livingston         30     1   2  2  
 3 Shane Prince             Nick Tarnasky            Derek Nesbitt            22     1   2  2  
 4 Kelly Zajac              Tye McGinn               Chris Terry              13     1   2  2  

5 vs 5 Defense 
   Defense                  Defense                                           Time % Phy DF OF 
 1 Hal Gill                 Denis Grebeshkov                                  35     1   2  2  
 2 Dallas Jackson           Mike Moore                                        30     1   2  2  
 3 Brandon Manning          Denny Urban                                       22     1   2  2  
 4 Brennan Evans            Hal Gill                                          13     1   2  2  

PowerPlay Forward 
   Center                   Left Wing                Right Wing               Time % Phy DF OF 
 1 Colin Fraser             Chris Terry              Jon Sim                  60     1   2  2  
 2 John McCarthy            Mike Hedden              James Livingston         40     1   2  2  

PowerPlay Defense
   Defense                  Defense                                           Time % Phy DF OF 
 1 Hal Gill                 Denis Grebeshkov                                  60     1   2  2  
 2 Dallas Jackson           Mike Moore                                        40     1   2  2  

Penalty Kill 4 Players Forward 
   Center                   Wing                     Time % Phy DF OF 
 1 Chris Terry              Colin Fraser             60     1   2  2  
 2 John McCarthy            Mike Hedden              40     1   2  2  

Penalty Kill 4 Players Defense
   Defense                  Defense                  Time % Phy DF OF 
 1 Hal Gill                 Denis Grebeshkov         60     1   2  2  
 2 Dallas Jackson           Mike Moore               40     1   2  2  

Penalty Kill - 3 Players Forward 
   Forward                                           Time % Phy DF OF 
 1 Chris Terry                                       60     1   2  2  
 2 Colin Fraser                                      40     1   2  2  

Penalty Kill - 3 Players Defense
   Defense                  Defense                  Time % Phy DF OF 
 1 Hal Gill                 Denis Grebeshkov         60     1   2  2  
 2 Dallas Jackson           Mike Moore               40     1   2  2  

4 vs 4 Forward 
   Center                   Wing                     Time % Phy DF OF 
 1 Chris Terry              Colin Fraser             60     1   2  2  
 2 John McCarthy            Mike Hedden              40     1   2  2  

4 vs 4 Defense
   Defense                  Defense                  Time % Phy DF OF 
 1 Hal Gill                 Denis Grebeshkov         60     1   2  2  
 2 Dallas Jackson           Mike Moore               40     1   2  2  

Last Minutes Offensive
   Center                   Left Wing                Right Wing               Defense                  Defense                  
   Colin Fraser             Chris Terry              Jon Sim                  Hal Gill                 Denis Grebeshkov         

Last Minutes Defensive
   Center                   Left Wing                Right Wing               Defense                  Defense                  
   Colin Fraser             Chris Terry              Jon Sim                  Hal Gill                 Denis Grebeshkov         

Goaltenders
Starting : Igor Bobkov              
Backup : Jeff Malcolm             

Extra Forwards
Normal : Nick Tarnasky, Tye McGinn, Shane Prince - PP : Nick Tarnasky, Tye McGinn - PK : Shane Prince
Extra Defensemen
Normal : Brandon Manning, Denny Urban, Brennan Evans - PP : Brandon Manning - PK : Denny Urban, Brennan Evans
Penalty Shots
Chris Terry, Colin Fraser, John McCarthy, Mike Hedden, Nick Tarnasky

% Time on Ice - Bears

Lines # - Real PCT - Wanted PCT - Time Play
Normal Forward
1 - 24% - 35% - 12:23
2 - 29% - 30% - 14:39
3 - 29% - 22% - 14:43
4 - 18% - 13% - 9:10
Normal Defense
1 - 33% - 35% - 17:00
2 - 30% - 30% - 15:16
3 - 32% - 22% - 16:03
4 - 5% - 13% - 2:36
PP Forward
1 - 49% - 60% - 2:00
2 - 51% - 40% - 2:03
PP Defense
1 - 53% - 60% - 2:10
2 - 47% - 40% - 1:53
PK Forward
1 - 76% - 60% - 3:24
2 - 24% - 40% - 1:03
PK Defense
1 - 78% - 60% - 3:29
2 - 22% - 40% - 0:58
PK3 Forward
1 - 0% - 60%
2 - 0% - 40%
PK3 Defense
1 - 0% - 60%
2 - 0% - 40%
44 Forward
1 - 0% - 60%
2 - 0% - 40%
44 Defense
1 - 0% - 60%
2 - 0% - 40%
Last Minute Offensive  - 0:00
Last Minute Defensive  - 0:35
Total
Forward - 60:00
Defense - 60:00

% Time on Ice - Whale

Lines # - Real PCT - Wanted PCT - Time Play
Normal Forward
1 - 28% - 35% - 14:19
2 - 32% - 30% - 16:44
3 - 25% - 22% - 13:06
4 - 14% - 13% - 7:21
Normal Defense
1 - 31% - 35% - 16:01
2 - 33% - 30% - 16:52
3 - 28% - 22% - 14:11
4 - 9% - 13% - 4:26
PP Forward
1 - 57% - 60% - 2:31
2 - 43% - 40% - 1:56
PP Defense
1 - 54% - 60% - 2:25
2 - 46% - 40% - 2:02
PK Forward
1 - 81% - 60% - 3:17
2 - 19% - 40% - 0:46
PK Defense
1 - 37% - 60% - 1:29
2 - 63% - 40% - 2:34
PK3 Forward
1 - 0% - 60%
2 - 0% - 40%
PK3 Defense
1 - 0% - 60%
2 - 0% - 40%
44 Forward
1 - 0% - 60%
2 - 0% - 40%
44 Defense
1 - 0% - 60%
2 - 0% - 40%
Last Minute Offensive  - 0:00
Last Minute Defensive  - 0:00
Total
Forward - 60:00
Defense - 60:00

Play by Play

1st period


0:01 of 1st period - Peter Regin wins face-off versus Colin Fraser in neutral zone.
0:10 of 1st period - Wrist shot by Dainius Zubrus.
0:10 of 1st period - Stopped by Igor Bobkov without a rebound.
0:11 of 1st period - Chris Terry wins face-off versus Peter Regin in Whale zone.
0:16 of 1st period - Dainius Zubrus is hit by Colin Fraser and loses puck.
2:30 of 1st period - Dainius Zubrus is hit by Denny Urban and loses puck.
2:47 of 1st period - Snap shot by Nick Tarnasky.
2:47 of 1st period - Shot Blocked by Harry Young.
2:49 of 1st period - Wrist shot by Derek Nesbitt.
2:49 of 1st period - Stopped by Ilya Bryzgalov with a rebound.
2:51 of 1st period - Snap shot by Derek Nesbitt.
2:51 of 1st period - Shot Misses the Net.
2:53 of 1st period - Slapshot by Derek Nesbitt.
2:53 of 1st period - Shot Misses the Net.
2:55 of 1st period - Snap shot by Nick Tarnasky.
2:55 of 1st period - Shot Blocked by David Dziurzynski.
3:24 of 1st period - Harry Young beats up James Livingston.
3:24 of 1st period - Penalty to James Livingston for Fighting.
3:24 of 1st period - Penalty to Harry Young for Fighting.
3:24 of 1st period - Penalty to James Livingston for instigated a fight.
3:24 of 1st period - Penalty to James Livingston for instigated a fight.
3:25 of 1st period - Rickard Rakell wins face-off versus Chris Terry in neutral zone.
3:28 of 1st period - Wrist shot by Justin Florek.
3:28 of 1st period - Stopped by Igor Bobkov with a rebound.
4:29 of 1st period - Colin Fraser is hit by Peter Regin.
5:24 of 1st period - Penalty to James Livingston is over, Derek Nesbitt is send on ice.
5:36 of 1st period - Snap shot by Rickard Rakell.
5:36 of 1st period - Shot Misses the Net.
5:38 of 1st period - Snap shot by Justin Florek.
5:38 of 1st period - Stopped by Igor Bobkov with a rebound.
5:51 of 1st period - Snap shot by Zachery Davies.
5:51 of 1st period - Shot Blocked by Mike Moore.
6:07 of 1st period - Snap shot by Patrice Cormier.
6:07 of 1st period - Stopped by Igor Bobkov with a rebound.
6:09 of 1st period - Snap shot by Tyler Shattock.
6:09 of 1st period - Shot Blocked by Dallas Jackson.
6:11 of 1st period - Slapshot by Tyler Shattock.
6:11 of 1st period - Shot Misses the Net.
6:19 of 1st period - Snap shot by Stefan Matteau.
6:19 of 1st period - Shot Misses the Net.
6:34 of 1st period - Wrist shot by Dainius Zubrus.
6:34 of 1st period - Shot Misses the Net.
6:36 of 1st period - Snap shot by David Dziurzynski.
6:36 of 1st period - Stopped by Igor Bobkov with a rebound.
6:38 of 1st period - Snap shot by Maxime Macenauer.
6:38 of 1st period - Shot Misses the Net.
7:37 of 1st period - Snap shot by Tye McGinn.
7:37 of 1st period - Stopped by Ilya Bryzgalov without a rebound.
7:38 of 1st period - Patrice Cormier wins face-off versus Shane Prince in Bears zone.
9:03 of 1st period - Wrist shot by Tye McGinn.
9:03 of 1st period - Shot Misses the Net.
9:05 of 1st period - Slapshot by Denny Urban.
9:05 of 1st period - Shot Misses the Net.
9:11 of 1st period - Minor Penalty to Dainius Zubrus for Tripping.
9:12 of 1st period - Maxime Macenauer wins face-off versus John McCarthy in Bears zone.
9:27 of 1st period - Slapshot by John McCarthy.
9:27 of 1st period - Deflect By RJ Umberger.
9:27 of 1st period - Shot Blocked by Mark Cundari.
9:27 of 1st period - Puck is out of play.
9:28 of 1st period - John McCarthy wins face-off versus Maxime Macenauer in Bears zone.
9:53 of 1st period - Snap shot by Dallas Jackson.
9:53 of 1st period - Deflect By Maxime Macenauer.
9:53 of 1st period - Stopped by Ilya Bryzgalov with a rebound.
10:11 of 1st period - Slapshot by Denis Grebeshkov.
10:11 of 1st period - Stopped by Ilya Bryzgalov with a rebound.
10:13 of 1st period - Snap shot by Nick Tarnasky.
10:13 of 1st period - Shot Misses the Net.
10:35 of 1st period - Peter Regin is hit by Colin Fraser and loses puck.
10:52 of 1st period - Slapshot by Peter Regin.
10:52 of 1st period - Deflect By Mike Hedden.
10:52 of 1st period - Stopped by Igor Bobkov with a rebound.
11:09 of 1st period - Ben Youds is hit by Dallas Jackson and loses puck.
11:11 of 1st period - Penalty to Dainius Zubrus is over, Dainius Zubrus is back on ice.
12:08 of 1st period - Harry Young is hit by Nick Tarnasky and loses puck.
12:31 of 1st period - Wrist shot by Mike Hedden.
12:31 of 1st period - Shot Misses the Net.
13:41 of 1st period - Snap shot by Mike Hedden.
13:41 of 1st period - Shot Blocked by Brandon Burlon.
14:10 of 1st period - Minor Penalty to Mark Cundari for Cross-checking.
14:11 of 1st period - Dainius Zubrus wins face-off versus Colin Fraser in Bears zone.
14:21 of 1st period - Off-side.
14:22 of 1st period - Dainius Zubrus wins face-off versus Colin Fraser in neutral zone.
14:39 of 1st period - Stefan Elliott is hit by Mike Hedden and loses puck.
15:30 of 1st period - Harry Young is hit by Derek Nesbitt and loses puck.
15:41 of 1st period - Peter Regin is hit by Mike Hedden.
16:10 of 1st period - Penalty to Mark Cundari is over, Mark Cundari is back on ice.
16:16 of 1st period - Wrist shot by Nick Tarnasky.
16:16 of 1st period - Deflect By Shane Prince.
16:16 of 1st period - Shot Misses the Net.
16:16 of 1st period - Puck is out of play.
16:17 of 1st period - Patrice Cormier wins face-off versus Shane Prince in Bears zone.
16:24 of 1st period - Snap shot by Patrice Cormier.
16:24 of 1st period - Deflect By Tyler Shattock.
16:24 of 1st period - Stopped by Igor Bobkov without a rebound.
16:25 of 1st period - Shane Prince wins face-off versus Stefan Matteau in Whale zone.
16:56 of 1st period - Wrist shot by Stefan Matteau.
16:56 of 1st period - Stopped by Igor Bobkov with a rebound.
17:10 of 1st period - Mark Cundari is hit by Nick Tarnasky and loses puck.
18:24 of 1st period - 10 Minutes Misconduct Penalty to James Livingston is over.
18:28 of 1st period - Wrist shot by Dainius Zubrus.
18:28 of 1st period - Shot Misses the Net.
18:42 of 1st period - Slapshot by Denis Grebeshkov.
18:42 of 1st period - Stopped by Ilya Bryzgalov with a rebound.
18:44 of 1st period - Wrist shot by Jon Sim.
18:44 of 1st period - Shot Blocked by Peter Regin.
18:46 of 1st period - Slapshot by Hal Gill.
18:46 of 1st period - Deflect By Chris Terry.
18:46 of 1st period - Shot Misses the Net.
18:46 of 1st period - Puck is out of play.
18:47 of 1st period - Patrice Cormier wins face-off versus Colin Fraser in Bears zone.
18:52 of 1st period - Hal Gill is hit by Stefan Matteau and loses puck.
18:57 of 1st period - Wrist shot by Stefan Matteau.
18:57 of 1st period - Shot Misses the Net.
18:59 of 1st period - Wrist shot by Tyler Shattock.
18:59 of 1st period - Shot Misses the Net.
19:01 of 1st period - Snap shot by Stefan Matteau.
19:01 of 1st period - Shot Blocked by Hal Gill.
19:03 of 1st period - Wrist shot by Mark Cundari.
19:03 of 1st period - Shot Blocked by Chris Terry.
19:07 of 1st period - Wrist shot by Stefan Matteau.
19:07 of 1st period - Stopped by Igor Bobkov with a rebound.
19:29 of 1st period - Nick Tarnasky is hit by Joel Armia and loses puck.
19:44 of 1st period - Dainius Zubrus is hit by Mike Hedden and loses puck.
Goals for this period are 0 for Bears vs 0 for Whale.
Shots for this period are 9 for Bears vs 5 for Whale.

2nd period


0:01 of 2nd period - Peter Regin wins face-off versus Colin Fraser in neutral zone.
1:03 of 2nd period - Wrist shot by John McCarthy.
1:03 of 2nd period - Stopped by Ilya Bryzgalov without a rebound.
1:04 of 2nd period - Justin Florek wins face-off versus Shane Prince in Bears zone.
1:04 of 2nd period - Justin Florek is hit by Shane Prince.
1:05 of 2nd period - Nick Tarnasky and Justin Florek fight to a draw.
1:05 of 2nd period - Penalty to Nick Tarnasky for Fighting.
1:05 of 2nd period - Penalty to Justin Florek for Fighting.
1:06 of 2nd period - Colin Fraser wins face-off versus Rickard Rakell in Bears zone.
1:58 of 2nd period - Dainius Zubrus is hit by James Livingston and loses puck.
2:14 of 2nd period - Slapshot by Peter Regin.
2:14 of 2nd period - Stopped by Igor Bobkov without a rebound.
2:15 of 2nd period - Maxime Macenauer wins face-off versus Shane Prince in Whale zone.
2:30 of 2nd period - Snap shot by Denis Grebeshkov.
2:30 of 2nd period - Deflect By Tye McGinn.
2:30 of 2nd period - Stopped by Ilya Bryzgalov without a rebound.
2:31 of 2nd period - Shane Prince wins face-off versus Dainius Zubrus in Bears zone.
2:32 of 2nd period - Wrist shot by Tye McGinn.
2:32 of 2nd period - Stopped by Ilya Bryzgalov without a rebound.
2:33 of 2nd period - Shane Prince wins face-off versus Maxime Macenauer in Bears zone.
2:38 of 2nd period - Snap shot by Tye McGinn.
2:38 of 2nd period - Shot Blocked by David Dziurzynski.
2:40 of 2nd period - Backhand shot by Denis Grebeshkov.
2:40 of 2nd period - Shot Misses the Net.
2:44 of 2nd period - Snap shot by Tye McGinn.
2:44 of 2nd period - Shot Blocked by Ben Youds.
2:46 of 2nd period - Snap shot by Derek Nesbitt.
2:46 of 2nd period - Deflect By Tye McGinn.
2:46 of 2nd period - Shot Blocked by Ben Youds.
2:46 of 2nd period - Puck is out of play.
2:47 of 2nd period - Colin Fraser wins face-off versus Rickard Rakell in Bears zone.
2:52 of 2nd period - Wrist shot by Colin Fraser.
2:52 of 2nd period - Shot Misses the Net.
2:59 of 2nd period - Minor Penalty to Joel Armia for Hooking.
3:00 of 2nd period - Dainius Zubrus wins face-off versus Colin Fraser in Bears zone.
3:24 of 2nd period - Wrist shot by Chris Terry.
3:24 of 2nd period - Stopped by Ilya Bryzgalov with a rebound.
3:26 of 2nd period - Wrist shot by Denis Grebeshkov.
3:26 of 2nd period - Shot Misses the Net.
3:28 of 2nd period - Snap shot by Chris Terry.
3:28 of 2nd period - Goal by Chris Terry - Bears : 0 - Whale : 1.
3:29 of 2nd period - Mike Hedden wins face-off versus Joel Armia in neutral zone.
3:32 of 2nd period - Snap shot by John McCarthy.
3:32 of 2nd period - Shot Misses the Net.
3:34 of 2nd period - Backhand shot by Mike Hedden.
3:34 of 2nd period - Shot Blocked by Mark Cundari.
3:36 of 2nd period - Slapshot by Denis Grebeshkov.
3:36 of 2nd period - Stopped by Ilya Bryzgalov without a rebound.
3:37 of 2nd period - John McCarthy wins face-off versus Rickard Rakell in Bears zone.
3:54 of 2nd period - Wrist shot by John McCarthy.
3:54 of 2nd period - Stopped by Ilya Bryzgalov without a rebound.
3:55 of 2nd period - Peter Regin wins face-off versus Colin Fraser in Bears zone.
3:58 of 2nd period - Snap shot by Chris Terry.
3:58 of 2nd period - Shot Blocked by Mark Cundari.
4:20 of 2nd period - Slapshot by Mark Cundari.
4:20 of 2nd period - Deflect By Dainius Zubrus.
4:20 of 2nd period - Stopped by Igor Bobkov with a rebound.
4:22 of 2nd period - Slapshot by Peter Regin.
4:22 of 2nd period - Shot Misses the Net.
4:28 of 2nd period - Snap shot by Dainius Zubrus.
4:28 of 2nd period - Stopped by Igor Bobkov with a rebound.
4:32 of 2nd period - Slapshot by Peter Regin.
4:32 of 2nd period - Shot Misses the Net.
4:54 of 2nd period - Joel Armia is hit by Hal Gill and loses puck.
5:01 of 2nd period - Slapshot by Mike Hedden.
5:01 of 2nd period - Stopped by Ilya Bryzgalov with a rebound.
5:51 of 2nd period - Slapshot by Dainius Zubrus.
5:51 of 2nd period - Stopped by Igor Bobkov with a rebound.
5:53 of 2nd period - Wrist shot by Dainius Zubrus.
5:53 of 2nd period - Stopped by Igor Bobkov without a rebound.
5:54 of 2nd period - Kelly Zajac wins face-off versus Stefan Matteau in Whale zone.
6:03 of 2nd period - Chris Terry is hit by Patrice Cormier and loses puck.
6:16 of 2nd period - Patrice Cormier is hit by Kelly Zajac.
7:35 of 2nd period - Mike Hedden is hit by Stefan Matteau and loses puck.
8:12 of 2nd period - Denis Grebeshkov is hit by David Dziurzynski and loses puck.
8:36 of 2nd period - Minor Penalty to Nick Tarnasky for Hooking.
8:37 of 2nd period - Peter Regin wins face-off versus Chris Terry in Whale zone.
9:42 of 2nd period - Dallas Jackson is hit by RJ Umberger and loses puck.
10:36 of 2nd period - Penalty to Nick Tarnasky is over, Nick Tarnasky is back on ice.
10:37 of 2nd period - Mike Moore is hit by RJ Umberger and loses puck.
12:30 of 2nd period - Minor Penalty to Mike Hedden for Roughing.
12:31 of 2nd period - Peter Regin wins face-off versus Chris Terry in Whale zone.
12:31 of 2nd period - Snap shot by Dainius Zubrus.
12:31 of 2nd period - Stopped by Igor Bobkov with a rebound.
12:33 of 2nd period - Snap shot by Stefan Elliott.
12:33 of 2nd period - Shot Blocked by Chris Terry.
12:35 of 2nd period - Snap shot by Mark Cundari.
12:35 of 2nd period - Goal by Mark Cundari - Bears : 1 - Whale : 1.
12:36 of 2nd period - James Livingston wins face-off versus Rickard Rakell in neutral zone.
13:02 of 2nd period - Wrist shot by John McCarthy.
13:02 of 2nd period - Shot Misses the Net.
13:06 of 2nd period - Slapshot by John McCarthy.
13:06 of 2nd period - Deflect By Mike Hedden.
13:06 of 2nd period - Stopped by Ilya Bryzgalov without a rebound.
13:07 of 2nd period - Peter Regin wins face-off versus Derek Nesbitt in Bears zone.
13:13 of 2nd period - RJ Umberger is hit by Derek Nesbitt and loses puck.
13:38 of 2nd period - Wrist shot by Nick Tarnasky.
13:38 of 2nd period - Stopped by Ilya Bryzgalov with a rebound.
14:10 of 2nd period - Backhand shot by Colin Fraser.
14:10 of 2nd period - Shot Misses the Net.
14:12 of 2nd period - Snap shot by Chris Terry.
14:12 of 2nd period - Stopped by Ilya Bryzgalov with a rebound.
14:14 of 2nd period - Snap shot by Jon Sim.
14:14 of 2nd period - Stopped by Ilya Bryzgalov with a rebound.
14:48 of 2nd period - Joel Armia is hit by Mike Hedden and loses puck.
16:01 of 2nd period - Snap shot by Nick Tarnasky.
16:01 of 2nd period - Shot Blocked by Harry Young.
16:03 of 2nd period - Wrist shot by Nick Tarnasky.
16:03 of 2nd period - Shot Misses the Net.
16:05 of 2nd period - Slapshot by Dallas Jackson.
16:05 of 2nd period - Stopped by Ilya Bryzgalov with a rebound.
17:22 of 2nd period - Rickard Rakell is hit by Denis Grebeshkov.
19:20 of 2nd period - Slapshot by Rickard Rakell.
19:20 of 2nd period - Shot Misses the Net.
19:56 of 2nd period - Maxime Macenauer is hit by Chris Terry and loses puck.
Goals for this period are 1 for Bears vs 1 for Whale.
Shots for this period are 7 for Bears vs 13 for Whale.

3rd period


0:01 of 3rd period - Peter Regin wins face-off versus Jon Sim in neutral zone.
0:08 of 3rd period - Slapshot by Peter Regin.
0:08 of 3rd period - Shot Misses the Net.
0:10 of 3rd period - Backhand shot by Peter Regin.
0:10 of 3rd period - Goal by Peter Regin - Bears : 2 - Whale : 1.
0:11 of 3rd period - Colin Fraser wins face-off versus Peter Regin in neutral zone.
0:37 of 3rd period - Chris Terry is hit by Stefan Elliott and loses puck.
1:16 of 3rd period - Snap shot by Mike Hedden.
1:16 of 3rd period - Deflect By John McCarthy.
1:16 of 3rd period - Shot Misses the Net.
1:16 of 3rd period - Puck is out of play.
1:17 of 3rd period - Shane Prince wins face-off versus Patrice Cormier in Bears zone.
1:40 of 3rd period - Wrist shot by Patrice Cormier.
1:40 of 3rd period - Stopped by Igor Bobkov with a rebound.
1:49 of 3rd period - Off-side.
1:50 of 3rd period - John McCarthy wins face-off versus Rickard Rakell in neutral zone.
2:44 of 3rd period - Chris Terry is hit by Dainius Zubrus and loses puck.
3:07 of 3rd period - Wrist shot by Colin Fraser.
3:07 of 3rd period - Deflect By Chris Terry.
3:07 of 3rd period - Shot Blocked by Harry Young.
3:07 of 3rd period - Puck is out of play.
3:08 of 3rd period - Shane Prince wins face-off versus Tyler Shattock in Bears zone.
3:09 of 3rd period - Wrist shot by Nick Tarnasky.
3:09 of 3rd period - Shot Blocked by Stefan Elliott.
3:11 of 3rd period - Wrist shot by Shane Prince.
3:11 of 3rd period - Shot Misses the Net.
3:13 of 3rd period - Slapshot by Brandon Manning.
3:13 of 3rd period - Shot Blocked by Mark Cundari.
3:15 of 3rd period - Backhand shot by Brandon Manning.
3:15 of 3rd period - Stopped by Ilya Bryzgalov without a rebound.
3:16 of 3rd period - Shane Prince wins face-off versus Patrice Cormier in Bears zone.
3:23 of 3rd period - Snap shot by Derek Nesbitt.
3:23 of 3rd period - Stopped by Ilya Bryzgalov without a rebound.
3:24 of 3rd period - Patrice Cormier wins face-off versus Shane Prince in Bears zone.
3:26 of 3rd period - Icing by Stefan Matteau.
3:27 of 3rd period - Patrice Cormier wins face-off versus Shane Prince in Bears zone.
5:45 of 3rd period - Wrist shot by Dainius Zubrus.
5:45 of 3rd period - Deflect By Peter Regin.
5:45 of 3rd period - Stopped by Igor Bobkov with a rebound.
5:57 of 3rd period - Wrist shot by Peter Regin.
5:57 of 3rd period - Stopped by Igor Bobkov without a rebound.
5:58 of 3rd period - Shane Prince wins face-off versus Rickard Rakell in Whale zone.
6:12 of 3rd period - Nick Tarnasky beats up Harry Young.
6:12 of 3rd period - Penalty to Nick Tarnasky for Fighting.
6:12 of 3rd period - Penalty to Harry Young for Fighting.
6:13 of 3rd period - John McCarthy wins face-off versus Peter Regin in Bears zone.
6:39 of 3rd period - Snap shot by Dainius Zubrus.
6:39 of 3rd period - Stopped by Igor Bobkov with a rebound.
6:41 of 3rd period - Snap shot by Dainius Zubrus.
6:41 of 3rd period - Stopped by Igor Bobkov without a rebound.
6:42 of 3rd period - Rickard Rakell wins face-off versus Chris Terry in Whale zone.
6:43 of 3rd period - Snap shot by Joel Armia.
6:43 of 3rd period - Stopped by Igor Bobkov without a rebound.
6:44 of 3rd period - Rickard Rakell wins face-off versus Colin Fraser in Whale zone.
7:31 of 3rd period - Brandon Burlon is hit by Chris Terry and loses puck.
7:57 of 3rd period - Snap shot by John McCarthy.
7:57 of 3rd period - Shot Misses the Net.
8:07 of 3rd period - Backhand shot by Mike Hedden.
8:07 of 3rd period - Stopped by Ilya Bryzgalov with a rebound.
8:09 of 3rd period - Slapshot by Hal Gill.
8:09 of 3rd period - Stopped by Ilya Bryzgalov with a rebound.
9:08 of 3rd period - Snap shot by Justin Florek.
9:08 of 3rd period - Shot Misses the Net.
9:18 of 3rd period - Kelly Zajac is hit by Mark Cundari and loses puck.
10:09 of 3rd period - Snap shot by Dainius Zubrus.
10:09 of 3rd period - Deflect By Maxime Macenauer.
10:09 of 3rd period - Stopped by Igor Bobkov with a rebound.
10:34 of 3rd period - Snap shot by Colin Fraser.
10:34 of 3rd period - Shot Misses the Net.
11:06 of 3rd period - Snap shot by Dainius Zubrus.
11:06 of 3rd period - Shot Misses the Net.
11:08 of 3rd period - Slapshot by Stefan Elliott.
11:08 of 3rd period - Stopped by Igor Bobkov without a rebound.
11:09 of 3rd period - Mike Hedden wins face-off versus Peter Regin in Whale zone.
11:46 of 3rd period - Stefan Matteau is hit by Mike Moore and loses puck.
12:35 of 3rd period - Wrist shot by Mike Hedden.
12:35 of 3rd period - Shot Blocked by Joel Armia.
12:55 of 3rd period - Colin Fraser is hit by Zachery Davies and loses puck.
14:07 of 3rd period - Slapshot by Mike Hedden.
14:07 of 3rd period - Deflect By Joel Armia.
14:07 of 3rd period - Stopped by Ilya Bryzgalov with a rebound.
14:19 of 3rd period - Denny Urban is hit by Joel Armia and loses puck.
15:23 of 3rd period - Snap shot by Dainius Zubrus.
15:23 of 3rd period - Stopped by Igor Bobkov with a rebound.
15:39 of 3rd period - Brandon Manning is hit by Tyler Shattock and loses puck.
15:46 of 3rd period - Wrist shot by Patrice Cormier.
15:46 of 3rd period - Stopped by Igor Bobkov with a rebound.
15:48 of 3rd period - Slapshot by Harry Young.
15:48 of 3rd period - Shot Misses the Net.
15:50 of 3rd period - Snap shot by Stefan Matteau.
15:50 of 3rd period - Stopped by Igor Bobkov with a rebound.
16:02 of 3rd period - Slapshot by RJ Umberger.
16:02 of 3rd period - Stopped by Igor Bobkov with a rebound.
16:28 of 3rd period - Chris Terry is hit by Stefan Matteau and loses puck.
17:44 of 3rd period - Joel Armia is hit by Chris Terry and loses puck.
17:55 of 3rd period - Snap shot by Chris Terry.
17:55 of 3rd period - Shot Misses the Net.
18:45 of 3rd period - Snap shot by Colin Fraser.
18:45 of 3rd period - Stopped by Ilya Bryzgalov without a rebound.
18:46 of 3rd period - Ron Rolston call a timeout for Whale.
18:46 of 3rd period - Colin Fraser wins face-off versus Patrice Cormier in Bears zone.
19:01 of 3rd period - Whale, Igor Bobkov is pulled from the net.
19:03 of 3rd period - Snap shot by Mike Hedden.
19:03 of 3rd period - Stopped by Ilya Bryzgalov without a rebound.
19:04 of 3rd period - John McCarthy wins face-off versus Peter Regin in Bears zone.
19:09 of 3rd period - Snap shot by John McCarthy.
19:09 of 3rd period - Shot Misses the Net.
19:11 of 3rd period - Snap shot by Dallas Jackson.
19:11 of 3rd period - Stopped by Ilya Bryzgalov without a rebound.
19:12 of 3rd period - John McCarthy wins face-off versus RJ Umberger in Bears zone.
19:38 of 3rd period - Backhand shot by Peter Regin.
19:38 of 3rd period - Goal by Peter Regin - Bears : 3 - Whale : 1.
19:38 of 3rd period - Igor Bobkov from Whale was sent back in the game.
19:39 of 3rd period - Colin Fraser wins face-off versus Justin Florek in neutral zone.
19:54 of 3rd period - Slapshot by Rickard Rakell.
19:54 of 3rd period - Stopped by Igor Bobkov with a rebound.
Goals for this period are 2 for Bears vs 0 for Whale.
Shots for this period are 15 for Bears vs 8 for Whale.


Output by the SimonT Hockey Simulator (STHS) for Eric Dolegowski -- Original Page W3C XHTML 1.0 Valid
Hockey Simulator - Hockey Simulation - Hockey Manager